AoeStats
← L0has

Arabia

509635987Analyzed
1v1 RM · 4d ago on Sep 27, 2026· 52m 27s· 2 players
Game mode
Random Map
Map size
Tiny (2 player)
Population
200
Speed
Normal
Resources
Standard
Victory
Conquest
Starting age
Dark Age
Ending age
Imperial Age
RankedLock teamsTeams togetherTeam positionsShared explorationLock speedFull tech treeHidden civsTurbo modeCheats
Victory
Defeat
🇩🇪 Slavs · Germany
1761
+15
🇮🇳 Danes · India
1740
-15
Synt4x
6:40 Loom
8:46 Feudal Age
8:59 Man-at-Arms
9:09 Man-at-Arms
9:44 Double-Bit Axe
10:19 Arson
20:14 Castle Age
19:11 Fletching
20:28 Horse Collar
20:40 Gold Mining
20:55 Bodkin Arrow
20:44 Crossbowman
22:57 Bow Saw
26:44 Ballistics
28:00 Husbandry
28:59 Bloodlines
31:13 Thumb Ring
32:09 Padded Archer Armor
38:56 Imperial Age
37:31 Stone Mining
39:43 Bracer
40:52 Chemistry
39:53 Cranequins
41:32 Wheelbarrow
41:15 Heavy Plow
44:53 Onager
46:52 Northmen's Fury
47:38 Murder Holes
50:39 Leather Archer Armor
50:47 Heavy Mounted Crossbowman
L0has
6:10 Loom
9:19 Feudal Age
9:46 Double-Bit Axe
9:42 Man-at-Arms
10:35 Horse Collar
21:36 Castle Age
21:56 Scale Mail Armor
22:08 Forging
21:40 Long Swordsman
27:52 Heavy Plow
30:10 Ballistics
31:08 Chain Mail Armor
32:19 Wheelbarrow
32:17 Town Watch
32:23 Fletching
37:31 Imperial Age
35:03 Squires
36:24 Iron Casting
36:24 Detinets
36:22 Bodkin Arrow
36:44 Hand Cart
38:50 Plate Mail Armor
37:43 Two-Handed Swordsman
39:03 Onager
40:12 Bow Saw
40:15 Gold Mining
40:16 Stone Mining
42:14 Blast Furnace
40:37 Champion
43:22 Heavy Scorpion
45:43 Gold Shaft Mining
45:14 Siege Engineers
45:20 Masonry
46:36 Two-Man Saw
45:53 Siege Onager
47:47 Hoardings
Connection lost

Rejoining the realm…

Still unreachable

The connection could not be restored.

Session expired

The server has moved on; the page needs a fresh start.